Unix NetHack Version 5.0.0-0 post-release - last build May  4 2026 22:22:43 (774f63e81ad911689b3a0859ea89b322d5daca8d,branch:main).

Game began 2026-05-04 03:04:22, ended 2026-05-08 00:12:37.

Kwijibo4686, neutral female human Valkyrie

                                                          ---
                                                         -...h
                                                       .. *...
                                                      .--..-
                       ........-.--....................o@.-
                       .<..............................---
                       ---..------..--..................

Kwijibo4686 the Fighter     St:18/02 Dx:12 Co:18 In:8 Wi:11 Ch:7  Neutral
Dlvl:6  $:43 HP:0(61) Pw:16(16) AC:-3 Xp:6 T:1914  Hungry  

Latest messages:
 This gnome corpse is gamey.
 You finish eating the gnome corpse.
 You climb up the stairs.
 You see here 2 green gems.
 You see here 2 green gems.
 You fall into a pit!
 You are still in a pit.
 You crawl to the edge of the pit.
 You are carrying too much to get through.
 You are carrying too much to get through.
 You are carrying too much to get through.
 You are carrying too much to get through.
 You descend the stairs.
 You hit the fog cloud!
 You miss the fog cloud.
 You miss the fog cloud.
 You destroy the fog cloud!
 Step into that vapor cloud? [yn] (n) n
 Step into that vapor cloud? [yn] (n) y
 You are beginning to feel hungry.
 You swap places with the peaceful garter snake.
 You descend the stairs.
 You feel that monsters are aware of your presence.
 Suppen's ghost touches you!
 The dart misses suppen's ghost.
 A dart misses you.
 You miss suppen's ghost.
 The dwarf throws a dagger!
 The dagger misses suppen's ghost.
 A dagger misses you.
 You miss suppen's ghost.
 It hits!
 It hits!
 You hear a mumbled curse.
 The air crackles around the orc shaman.
 It picks up a rusty dagger.
 It hits!
 You hit the orc shaman!
 The orc shaman points all around, then curses.
 It hits!
 Something casts a spell at you!
 You feel as if you need some help.
 You feel a malignant aura surround you.
 It hits!
 You die...
 Do you want your possessions identified? [ynq] (y) y
 Do you want to see your attributes? [ynq] (y) y
 Do you want an account of creatures vanquished? [ynaq] (y) y
 Do you want to see your conduct and achievements? [ynq] (y) y
 Do you want to see the dungeon overview? [ynq] (y) n

Inventory:
 Coins    ('$')
  $ - 43 gold pieces
 Weapons  (')')
  b - a +0 dagger (alternate weapon; not wielded)
  a - a +1 spear (weapon in right hand)
 Armor    ('[')
  A - an uncursed +0 dwarvish iron helm (being worn)
  B - a cursed +0 pair of iron shoes (being worn)
  c - an uncursed +3 small shield (being worn)
  n - an uncursed +0 chain mail (being worn)
 Comestibles  ('%')
  C - an uncursed slime mold
  f - an uncursed cram ration
  d - 7 cursed food rations
  q - a cursed food ration
  p - an uncursed lembas wafer
  D - an uncursed melon
 Scrolls  ('?')
  w - an uncursed scroll of fire
  g - an uncursed scroll of gold detection
  j - 3 uncursed scrolls of identify
  r - an uncursed scroll of teleportation
  s - a cursed scroll of teleportation
 Potions  ('!')
  e - 3 uncursed potions of extra healing
  h - an uncursed potion of fruit juice
  v - an uncursed potion of full healing
  o - a blessed potion of healing
  m - an uncursed potion of water
 Wands    ('/')
  k - a wand of digging (0:7)
 Tools    ('(')
  z - an uncursed tallow candle
  y - an uncursed towel

Kwijibo4686 the Valkyrie's attributes:

Background:
 You were a Fighter, a level 6 human Valkyrie.
 You were neutral, on a mission for Odin
 who was opposed by Tyr (lawful) and Loki (chaotic).
 You were right-handed.
 You were in the Gnomish Mines, on level 6.
 You entered the dungeon 1914 turns ago.
 It was the midnight hour.
 You had 410 experience points, 230 more were needed to attain level 7.

Basics:
 You had 0 out of 61 hit points.
 You had all 16 energy points (spell power).
 Your armor class was -3.
 Your wallet contained 43 zorkmids.
 Autopickup was on for '$?!/="' plus thrown.

Final Characteristics:
 Your strength was 18/02 (limit:18/100).
 Your dexterity was 12 (limit:18).
 Your constitution was 18 (limit:18).
 Your intelligence was 8 (limit:18).
 Your wisdom was 11 (limit:18).
 Your charisma was 7 (limit:18).

Final Status:
 You were hungry.
 You were unencumbered.
 You were wielding a spear.
 You were skilled in spear.

Final Attributes:
 You were devoutly aligned.
 You were cold resistant.
 You were stealthy.
 You were warded.
 You are dead.

Miscellaneous:
 You encountered 1 bones level.
 Total elapsed playing time was 16 minutes and 13 seconds.

Major events:
 Turn
    1: Kwijibo4686 the neutral human Valkyrie entered the dungeon
  483: attained the rank of Skirmisher (level 3)
  614: entered the Gnomish Mines
 1273: reached Mine Town
 1438: attained the rank of Fighter (level 6)
 1914: killed by an invisible titan

You didn't know any spells.

Skills:
 Fighting Skills
   bare handed combat [Unskilled]
   two weapon combat  [Unskilled]
   riding             [Unskilled]
 Weapon Skills
   dagger             [Basic]
   axe                [Unskilled]
   pick-axe           [Unskilled]
   short sword        [Unskilled]
   broadsword         [Unskilled]
   long sword         [Unskilled]
   two-handed sword   [Unskilled]
   saber              [Unskilled]
   hammer             [Unskilled]
   quarterstaff       [Unskilled]
   polearms           [Unskilled]
   spear              [Skilled]
   trident            [Unskilled]
   lance              [Unskilled]
   sling              [Unskilled]
 Spellcasting Skills
   attack spells      [Unskilled]
   escape spells      [Unskilled]

Voluntary challenges:
 Character rerolling was not enabled.
 You never genocided any monsters.
 You never polymorphed an object.
 You never changed form.
 You used no wishes.
Achievements:
 You attained the rank of Skirmisher.
 You entered the Gnomish Mines.
 You entered Minetown.
 You entered a shop.
 You attained the rank of Fighter.
 You entered a temple.

 The Dungeons of Doom: levels 1 to 3
    Level 1: "v"
       A fountain.
    Level 2:
       An altar to Odin, a fountain, a sink.
       Stairs down to The Gnomish Mines.
    Level 3:
 The Gnomish Mines: levels 3 to 6
    Level 3:
    Level 4:
    Level 5:
       Many shops, a temple and an altar, some fountains, some trees.
    Level 6: <- You were here.
       A grave.
       Final resting place for
          you, killed by an invisible titan,
          suppen-Sam-Hum-Mal-Law, killed by an invisible titan.


Vanquished creatures:
  a fog cloud
  3 gnome leaders
  9 dwarves
  2 iguanas
  a coyote
  a gas spore
 26 gnomes
  4 garter snakes
  a jackal
  a fox
  a kobold
  3 goblins
  6 grid bugs
  4 lichens
  a kobold zombie
  3 newts
67 creatures vanquished.

No species were genocided or became extinct.

Game over:
                       ----------
                      /          \
                     /    REST    \
                    /      IN      \
                   /     PEACE      \
                  /                  \
                  |   Kwijibo4686    |
                  |      43 Au       |
                  |   killed by an   |
                  | invisible titan  |
                  |                  |
                  |                  |
                  |       2026       |
                 *|     *  *  *      | *
        _________)/\\_//(\/(/\)/\//\/|_)_______

Farvel Kwijibo4686 the Valkyrie...

You died in The Gnomish Mines on dungeon level 6 with 1939 points,
and 43 pieces of gold, after 1914 moves.
You were level 6 with a maximum of 61 hit points when you died.

